 Dungeon Crawl Stone Soup version 0.20.0-15-g7f486f2 (webtiles) character file.

10700 wazuzu the Cruncher (level 11, -4/99 HPs)
             Began as a Minotaur Gladiator on June 13, 2017.
             Was a Believer of Ru.
             Slain by a five-headed hydra (10 damage)
             ... on level 1 of the Lair of Beasts.
             The game lasted 00:25:16 (9037 turns).

wazuzu the Cruncher (Minotaur Gladiator)            Turns: 9037, Time: 00:25:18

Health: -4/99      AC: 14    Str: 25    XL:     11   Next: 39%
Magic:  10/10      EV: 18    Int:  5    God:    Ru [**....]
Gold:   254        SH:  0    Dex: 14    Spells: 10/10 levels left

rFire    + . .     SeeInvis .   a - +1 quarterstaff (elec)
rCold    + . .     Gourm    .   (shield currently unavailable)
rNeg     . . .     Faith    .   T - +3 leather armour
rPois    .         Spirit   .   c - +0 hat
rElec    .         Reflect  .   l - +0 cloak
rCorr    .         Harm     .   s - +1 pair of gloves
MR       .....     Rnd*Rage +   P - +0 pair of boots of Intuition {-Cast rF+ Str+5} Stlth +.........NoCast +
                                q - amulet of regeneration
Regen    0.7/turn               x - ring of protection from cold
MPRegen  0.2/turn               A - +1 ring of slaying

@: no status effects
A: retaliatory headbutt, hooves 1, horns 2, yellow scales 1, berserk 1, blurry
vision 1, hated by all, missing an eye
a: Renounce Religion


You were on level 1 of the Lair of Beasts.
You worshipped Ru.
Ru was pleased with you.
You were not hungry.

You visited 3 branches of the dungeon, and saw 12 of its levels.

You collected 577 gold pieces.
You spent 323 gold pieces at shops.

Inventory:

Hand Weapons
 a - a +1 quarterstaff of electrocution (weapon)
Missiles
 m - 81 bolts
Armour
 c - a +0 hat (worn)
 l - a +0 cloak (worn)
 s - a +1 pair of gloves (worn)
 P - the +0 pair of boots of Intuition (worn) {-Cast rF+ Str+5}
   (You bought it in a shop on level 7 of the Dungeon)

   It affects your strength (+5).
   It protects you from fire.
   It prevents spellcasting.
 T - a +3 leather armour (worn)
Jewellery
 q - an amulet of regeneration (around neck)
 x - a ring of protection from cold (left hand)
 A - a +1 ring of slaying (right hand)
 F - an uncursed ring of fire {unknown}
 R - an uncursed ring of see invisible
Wands
 h - a wand of confusion (10/48)
 y - a wand of confusion (33/48)
 G - a wand of flame (29/48)
 M - a wand of lightning (8/15)
 N - a wand of flame (38/48)
 S - a wand of lightning (9/15)
 U - a wand of scattershot (4/9)
Scrolls
 d - 2 scrolls of enchant weapon
 e - 3 scrolls of magic mapping
 g - 2 scrolls of identify
 i - 4 scrolls of fear
 j - 4 scrolls of teleportation
 r - a scroll of amnesia
 v - a scroll of enchant armour
 C - a scroll of fog
 D - a scroll of recharging
 K - 2 scrolls of remove curse
 Q - a scroll of blinking {unknown}
Potions
 b - 3 potions of lignification
 k - 2 potions of curing
 o - a potion of agility
 p - a potion of invisibility
 t - 2 potions of ambrosia
 u - 2 potions of might
 z - a potion of brilliance
 B - 10 potions of degeneration
 E - a potion of heal wounds {unknown}
 I - a potion of cancellation {unknown}
 L - a potion of resistance {unknown}
Books
 H - a book of Air

   Spells                             Type                      Level
   a - Shock                          Conjuration/Air              1
   b - Swiftness                      Charms/Air                   2
   c - Static Discharge               Conjuration/Air              3
   d - Airstrike                      Air                          4
   e - Lightning Bolt                 Conjuration/Air              5
Comestibles
 f - 8 bread rations
 n - 8 royal jellies
 w - 9 meat rations
 J - a chunk of flesh
 O - 13 fruits


   Skills:
 - Level 10.1 Fighting
 + Level 13.0 Staves
 - Level 2.0 Throwing
 - Level 10.0 Armour
 - Level 10.0 Dodging
 + Level 0.0 Stealth


You had 10 spell levels left.
You didn't know any spells.

Dungeon Overview and Level Annotations

Branches:
Dungeon (10/15)            Temple (1/1) D:4            Lair (1/6) D:8
    Orc (0/2) D:9

Altars:
Ashenzari
Cheibriados
Dithmenos
Elyvilon
Fedhas
Gozag
Hepliaklqana
Kikubaaqudgha
Makhleb
Nemelex Xobeh
Okawaru
Qazlal
Ru
Sif Muna
Trog
Uskayaw
Vehumet
Xom
Yredelemnul
Zin
The Shining One

Shops:
D:7 [   D:8 (


Innate Abilities, Weirdness & Mutations

You reflexively headbutt those who attack you in melee.
You have a pair of horns on your head.
You are hated by all.
You are missing an eye, making it more difficult to aim.
You have large cloven feet.
You are partially covered in yellow scales. (AC +2)
You tend to lose your temper in combat.
Scrolls take you a little longer to read.


Message History

The five-headed hydra bites you but does no damage.
You hit the five-headed hydra but do no damage.
Lightning courses through the five-headed hydra!
The five-headed hydra is moderately wounded.
You sock the five-headed hydra!
The five-headed hydra is heavily wounded.
The five-headed hydra bites you! x3
* * * LOW HITPOINT WARNING * * *
The five-headed hydra bites you!
* * * LOW HITPOINT WARNING * * *
The five-headed hydra closely misses you.
Really read with blurry vision while enemies are nearby?
The five-headed hydra bites you but does no damage.
The five-headed hydra bites you.
* * * LOW HITPOINT WARNING * * *
The five-headed hydra misses you.
The five-headed hydra closely misses you. x2
You begin reading the scroll.
You continue reading the scroll.
The five-headed hydra bites you!
You die...

.......##...............#
..P..#..P...............#
........................#
.........................
..##..P##................
.#......................
.......#................
.........................
........@..$.............
........D................
.......#................
#.....###...............
##...P ##..............
##### .########.#### ##
##


You could see a five-headed hydra.

Vanquished Creatures
  The ghost of NoAnimeNoLife the Markscentaur, a journeyman CeHu of Okawaru (D:10)
  A hydra (D:8)
  A centaur warrior (D:10)
  An ugly thing (D:9)
  The ghost of Nicoed the Skirmisher, a novice OpFi of Okawaru (D:6)
  A troll (D:9)
  2 dream sheep (D:8)
  A hippogriff (D:8)
  5 yaks
  A wraith (D:10)
  2 hungry ghosts
  3 wargs (D:8)
  A porcupine (Lair:1)
  A swamp drake (D:9)
  3 sky beasts
  4 ice beasts
  2 necrophages
  5 ogres
  An orc warrior (D:9)
  4 phantoms
  4 centaurs
  A crocodile (D:8)
  4 big kobolds (D:8)
  9 bullfrogs
  A wyvern zombie (D:10)
  2 scorpions
  A hornet simulacrum (D:10)
  4 killer bees (D:10)
  A water moccasin skeleton (D:4)
  6 wights
  3 howler monkeys
  4 crimson imps
  A bullfrog zombie (D:9)
  A quasit (D:9)
  5 hounds
  2 jellies
  16 orc priests
  2 bullfrog skeletons
  A gnoll shaman (D:8)
  An iguana (D:6)
  Ijyb (D:3)
  6 orc wizards
  9 worker ants
  A killer bee zombie (D:10)
  A centaur simulacrum (D:9)
  A hound zombie (D:7)
  5 mummies (D:10)
  A howler monkey zombie (D:10)
  A worker ant zombie (D:5)
  Robin (D:3)
  5 adders
  4 gnolls (D:8)
  2 howler monkey skeletons
  2 shadow imps
  2 oozes
  4 adder zombies
  4 adder skeletons
  A worm (D:4)
  4 dart slugs
  7 leopard geckos
  49 orcs
  5 giant cockroaches
  23 goblins
  5 hobgoblins
  4 jackals (D:8)
  9 kobolds
  7 quokkas
  2 ball pythons
  9 bats
  2 frilled lizards (D:1)
  4 rats
291 creatures vanquished.

Notes
Turn   | Place    | Note
-------+----------+-------------------------------------------
     0 | D:1      | wazuzu the Minotaur Gladiator began the quest for the Orb.
     0 | D:1      | Reached XP level 1. HP: 18/18 MP: 0/0
    44 | D:1      | Reached skill level 4 in Staves
    91 | D:1      | Reached XP level 2. HP: 21/25 MP: 1/1
   738 | D:2      | Reached skill level 5 in Staves
   760 | D:2      | Reached XP level 3. HP: 17/30 MP: 2/2
  1149 | D:3      | Found a shimmering altar of Xom.
  1175 | D:3      | Noticed Robin
  1188 | D:3      | Reached XP level 4. HP: 32/37 MP: 3/3
  1192 | D:3      | Reached skill level 6 in Staves
  1211 | D:3      | Killed Robin
  1306 | D:3      | Reached XP level 5. HP: 30/42 MP: 4/4
  1308 | D:3      | Reached skill level 7 in Staves
  1402 | D:3      | Noticed Ijyb
  1419 | D:3      | Killed Ijyb
  2137 | D:4      | Reached skill level 8 in Staves
  2179 | D:4      | Reached XP level 6. HP: 24/50 MP: 5/5
  2346 | D:4      | Noticed a sky beast
  2355 | D:4      | Killed a sky beast
  2355 | D:4      | Reached skill level 9 in Staves
  2680 | D:4      | Found a staircase to the Ecumenical Temple.
  2690 | Temple   | Entered the Ecumenical Temple
  2713 | Temple   | Became a worshipper of Ru the Awakened
  3087 | D:5      | Entered Level 5 of the Dungeon
  3090 | D:5      | Reached skill level 1 in Armour
  3095 | D:5      | Noticed a sky beast
  3102 | D:5      | Killed a sky beast
  3102 | D:5      | Reached XP level 7. HP: 48/57 MP: 6/6
  3150 | D:5      | Found a stormy altar of Qazlal.
  3833 | D:6      | Reached XP level 8. HP: 67/67 MP: 7/7
  3866 | D:6      | Reached skill level 10 in Staves
  3965 | D:6      | Gained mutation: You are hated by all. [Ru sacrifice]
  3965 | D:6      | Reached * piety under Ru
  4108 | D:6      | Reached skill level 5 in Fighting
  4108 | D:6      | Reached skill level 5 in Dodging
  4171 | D:6      | Noticed Nicoed's ghost (novice OpFi)
  4229 | D:6      | Killed Nicoed's ghost
  4229 | D:6      | Reached skill level 5 in Armour
  4327 | D:6      | Reached XP level 9. HP: 69/75 MP: 8/8
  4845 | D:7      | Reached skill level 11 in Staves
  5135 | D:7      | Found Cozic's Antique Armour Emporium.
  5601 | D:8      | Found a staircase to the Lair.
  5887 | D:8      | Gained mutation: You are missing an eye, making it more difficult to aim. [Ru sacrifice]
  5887 | D:8      | Reached ** piety under Ru
  5912 | D:8      | Found Ruilidui's Antique Weapon Shop.
  6090 | D:7      | Bought a pair of steaming boots for 323 gold pieces
  6095 | D:7      | Identified the cursed +0 pair of boots of Intuition {-Cast rF+ Str+5} (You bought it in a shop on level 7 of the Dungeon)
  6207 | D:8      | Reached XP level 10. HP: 64/88 MP: 9/9
  6309 | D:8      | Noticed a three-headed hydra
  6321 | D:8      | Killed a three-headed hydra
  6321 | D:8      | Reached skill level 12 in Staves
  7092 | D:9      | Found a staircase to the Orcish Mines.
  7783 | D:9      | Found a runed door.
  7790 | D:9      | Noticed a purple ugly thing
  7798 | D:9      | Killed a purple ugly thing
  7798 | D:9      | Reached XP level 11. HP: 83/99 MP: 10/10
  7847 | D:9      | Gained mutation: Your body sometimes deteriorates upon taking damage. [potion of mutation]
  7847 | D:9      | Gained mutation: Your spells are a little harder to cast, but a little more powerful. [potion of mutation]
  7848 | D:9      | Lost mutation: Your spells are a little harder to cast, but a little more powerful. [potion of mutation]
  7848 | D:9      | Lost mutation: Your body sometimes deteriorates upon taking damage. [potion of mutation]
  7848 | D:9      | Gained mutation: Scrolls take you a little longer to read. [potion of mutation]
  7848 | D:9      | Gained mutation: You are partially covered in yellow scales. (AC +2) [potion of mutation]
  7848 | D:9      | Gained mutation: You tend to lose your temper in combat. [potion of mutation]
  7848 | D:9      | Gained mutation: You have large cloven feet. [potion of mutation]
  7904 | D:10     | Entered Level 10 of the Dungeon
  8116 | D:10     | Noticed NoAnimeNoLife's ghost (journeyman CeHu)
  8122 | D:10     | Killed NoAnimeNoLife's ghost
  8122 | D:10     | Reached skill level 10 in Fighting
  8134 | D:10     | Noticed a centaur warrior
  8141 | D:10     | Killed a centaur warrior
  8645 | D:10     | Reached skill level 13 in Staves
  8645 | D:10     | Reached skill level 10 in Armour
  8825 | Lair:1   | Entered Level 1 of the Lair of Beasts
  8968 | Lair:1   | Reached skill level 10 in Dodging
  9029 | Lair:1   | Noticed a five-headed hydra
  9037 | Lair:1   | Slain by a five-headed hydra

Skill      XL: |  1  2  3  4  5  6  7  8  9 10 11 |
---------------+----------------------------------+-----
Staves         | 4 5 6 8 9 10 11 12 13 | 13.0
Armour         | 1 3 5 7 9 10 | 10.0
Fighting       | 3 4 6 7 9 10 | 10.1
Dodging        | 4 5 7 9 10 | 10.0
Throwing       | |  2.0

Action                   |  1- 3 |  4- 6 |  7- 9 | 10-12 || total
-------------------------+-------+-------+-------+-------++-------
Melee: Quarterstaff      |    74 |   125 |   271 |   311 ||   781
       Headbutt          |    11 |    18 |    64 |    59 ||   152
Invok: Sacrifice Love    |       |       |     1 |       ||     1
       Sacrifice an Eye  |       |       |     1 |       ||     1
       Reject Sacrifices |       |       |       |     1 ||     1
  Use: Scroll            |       |     9 |     7 |    11 ||    27
       Potion            |       |     1 |     3 |     3 ||     7
 Stab: Sleeping          |       |     1 |       |       ||     1
       Invisible         |       |       |     2 |     2 ||     4
       Held in net/web   |       |       |     1 |       ||     1
  Eat: Chunk             |     1 |     4 |    10 |     8 ||    23
       Royal jelly       |       |     1 |       |       ||     1
       Fruit             |       |       |       |     3 ||     3
Armor: Leather armour    |    15 |    23 |    31 |    46 ||   115
Dodge: Dodged            |    66 |    72 |   167 |   185 ||   490
